[Event "Titled Tuesday Blitz December 14 2021"]
[White "Andreikin, Dmitry"]
[Black "Martin Carmona, Gaston Manuel"]
[WhiteFideId "4158814"]
[BlackFideId "22284567"]
[WhiteElo "2736"]
[BlackElo "2161"]
[Result "1-0"]
[Round "01"]
[TimeControl "180+1"]
[Date "2021.12.14"]
[WhiteClock "0:01:31"]
[BlackClock "0:00:06"]

1. d4 Nf6 2. c4 e6 3. Nf3 d5 4. g3 Be7 5. Bg2 O-O 6. O-O c6 7. Nfd2 Nbd7 8. Nc3 b5 9. b3 bxc4 10. bxc4 Rb8 11. e4 Qa5 12. Qc2 Ba6 13. e5 Ne8 14. Rd1 Nc7 15. Nb3 Qb4 16. Bd2 dxc4 17. Nc5 Nxc5 18. dxc5 Qxc5 19. Be3 Qxe5 20. Bf4 Qa5 21. Rd7 Bf6 22. Bd2 Bxc3 23. Bxc3 Qb6 24. Be4 Nd5 25. Bxh7+ Kh8 26. Bxg7+ Kxg7 27. Qg6+ Kh8 28. Qh6 Nf6 29. Bf5+ Kg8 30. Qg5+ Kh8 31. Qxf6+ Kg8 32. Qg5+ Kh8 33. Qh6+ 1-0


[Site "https://www.chess.com"]

[Event "Titled Tuesday Blitz December 14 2021"]
[White "Aslanov, Umid"]
[Black "Keymer, Vincent"]
[WhiteFideId "13412620"]
[BlackFideId "12940690"]
[WhiteElo "1796"]
[BlackElo "2557"]
[Result "1/2-1/2"]
[Round "01"]
[TimeControl "180+1"]
[Date "2021.12.14"]
[WhiteClock "0:00:16"]
[BlackClock "0:00:07"]

1. e4 c6 2. d4 d5 3. Nc3 dxe4 4. Nxe4 Bf5 5. Ng3 Bg6 6. Nf3 Nd7 7. Bd3 e6 8. O-O Bd6 9. Re1 Ngf6 10. Bg5 O-O 11. Ne5 Qa5 12. Bd2 Qc7 13. Nc4 Be7 14. Bg5 Rad8 15. Bxg6 hxg6 16. c3 c5 17. Rc1 Nb6 18. Nxb6 Qxb6 19. Be3 Qxb2 20. Rb1 Qxc3 21. Ne2 Qa5 22. Rxb7 Rd7 23. Rxd7 Nxd7 24. dxc5 Bxc5 25. Nd4 Ne5 26. Nb3 Qxa2 27. Bxc5 Rb8 28. Rxe5 Qxb3 29. Qxb3 Rxb3 30. h3 a5 31. Bd6 Rd3 32. Be7 a4 33. Ra5 Rd1+ 34. Kh2 Rd4 35. Bc5 Rc4 36. Kg3 g5 37. Kf3 f6 38. Be3 Kf7 39. Rc5 Rb4 40. Rc7+ Kg6 41. Ra7 e5 42. Bc5 Rf4+ 43. Kg3 Rc4 44. Bf8 Rc8 45. Bd6 Rc4 46. f3 e4 47. fxe4 Rxe4 48. Bf8 Re8 49. Bc5 Re4 50. Kf3 Rf4+ 51. Kg3 Re4 52. Bd6 Rc4 53. Bf8 Rc8 54. Rxg7+ Kh6 55. Rf7+ Kg6 56. Rg7+ Kh6 57. Rg8+ Kh7 58. Rg7+ Kh6 1/2-1/2


[Site "https://www.chess.com"]

[Event "Titled Tuesday Blitz December 14 2021"]
[White "Bach, Ngoc Thuy Duong"]
[Black "Willow, Jonah B"]
[WhiteFideId "12408956"]
[BlackFideId "438804"]
[WhiteElo "1896"]
[BlackElo "2261"]
[Result "0-1"]
[Round "01"]
[TimeControl "180+1"]
[Date "2021.12.14"]
[WhiteClock "0:00:03"]
[BlackClock "0:00:57"]

1. d4 Nf6 2. c4 e6 3. Nc3 c5 4. d5 exd5 5. cxd5 d6 6. e4 g6 7. f4 Bg7 8. Bb5+ Nfd7 9. a4 O-O 10. Nf3 Na6 11. O-O Nb4 12. Re1 a6 13. Bf1 Re8 14. h3 f5 15. e5 dxe5 16. d6 e4 17. Bc4+ Kh8 18. Ng5 Bd4+ 19. Be3 Bxe3+ 20. Rxe3 Qf6 21. Nd5 Nxd5 22. Qxd5 h6 23. Nf7+ Kh7 24. Ne5 g5 25. Nxd7 Bxd7 26. Qxb7 Qxd6 27. fxg5 hxg5 28. Ree1 Rab8 29. Qa7 Rxb2 30. Rad1 Rd2 31. Rxd2 Qxd2 32. Re2 Qd4+ 33. Kh1 Re7 34. Qxa6 f4 35. Re1 Bf5 0-1


[Site "https://www.chess.com"]

[Event "Titled Tuesday Blitz December 14 2021"]
[White "Baches Garcia, Guillermo"]
[Black "Makhnev, Denis"]
[WhiteFideId "2209764"]
[BlackFideId "13707647"]
[WhiteElo "2474"]
[BlackElo "2491"]
[Result "0-1"]
[Round "01"]
[TimeControl "180+1"]
[Date "2021.12.14"]
[WhiteClock "0:00:12"]
[BlackClock "0:00:44"]

1. e4 e5 2. Nf3 Nc6 3. Nc3 Nf6 4. d4 exd4 5. Nxd4 Bb4 6. Nxc6 bxc6 7. Bd3 d5 8. Bd2 O-O 9. O-O Re8 10. Nxd5 cxd5 11. Bxb4 a5 12. Bc5 Nxe4 13. Bxe4 Rxe4 14. Re1 Bf5 15. Rxe4 Bxe4 16. f3 Bg6 17. c3 a4 18. Qd4 c6 19. Re1 h6 20. b4 a3 21. Qe5 Qh4 22. Bd4 f6 23. Qg3 Qxg3 24. hxg3 Bd3 25. Rd1 Bc4 26. Rd2 h5 27. Kf2 Kf7 28. Bc5 Ke6 29. Ke3 Bb5 30. Kf2 Kf5 31. Be3 Rh8 32. Bc5 h4 33. gxh4 Rxh4 34. Rd1 Rh8 35. Rb1 Ra8 36. Rd1 Bc4 37. Rd2 Ke6 38. Bd4 Kd7 39. Bc5 Kc7 40. g4 Kb7 41. Kg2 Ka6 42. f4 Kb5 43. g5 fxg5 44. fxg5 g6 45. Bd4 Re8 46. Kf2 Re4 47. Bf6 Rh4 48. Kg2 Rf4 49. Be5 Rf1 50. Bf4 Rxf4 0-1


[Site "https://www.chess.com"]

[Event "Titled Tuesday Blitz December 14 2021"]
[White "Belous, Vladimir"]
[Black "Berezin, Viktor"]
[WhiteFideId "4174003"]
[BlackFideId "14107872"]
[WhiteElo "2510"]
[BlackElo "2310"]
[Result "1-0"]
[Round "01"]
[TimeControl "180+1"]
[Date "2021.12.15"]
[WhiteClock "0:00:34"]
[BlackClock "0:00:02"]

1. c4 g6 2. Nc3 Bg7 3. d4 d6 4. e4 Nf6 5. h3 a6 6. Nf3 O-O 7. Be2 Nc6 8. d5 Nb8 9. Bf4 e5 10. Bg5 h6 11. Be3 c5 12. Qd2 Kh7 13. g4 b5 14. cxb5 axb5 15. Bxb5 Ba6 16. g5 Ng8 17. gxh6 Nxh6 18. Bxa6 Nxa6 19. h4 Ng4 20. h5 Kg8 21. hxg6 fxg6 22. Ng5 Nxe3 23. Qxe3 Nb4 24. Rc1 Qf6 25. Ne6 Rf7 26. a3 Qxf2+ 27. Qxf2 Nd3+ 28. Ke2 Nxf2 29. Rh2 Ng4 30. Rg2 Nf6 31. Rxg6 Rb8 32. Nxg7 Kh7 33. Rcg1 Rxb2+ 34. Kd1 Rb3 35. Kc2 c4 36. Nf5 Nd7 37. Rh6# 1-0


[Site "https://www.chess.com"]

[Event "Titled Tuesday Blitz December 14 2021"]
[White "Bethke, Richard"]
[Black "Zubov, Alexander"]
[WhiteFideId "12959243"]
[BlackFideId "14109409"]
[WhiteElo "2472"]
[BlackElo "2685"]
[Result "0-1"]
[Round "01"]
[TimeControl "180+1"]
[Date "2021.12.14"]
[WhiteClock "0:00:01"]
[BlackClock "0:00:03"]

1. e4 e5 2. Nf3 Nc6 3. Bc4 Bc5 4. O-O Nf6 5. d3 d6 6. a4 h6 7. c3 a6 8. Re1 O-O 9. h3 Re8 10. Nbd2 Be6 11. Bxe6 Rxe6 12. b4 Ba7 13. Nc4 d5 14. exd5 Qxd5 15. Ne3 Qd7 16. b5 Ne7 17. Nc4 e4 18. Nfe5 Qe8 19. bxa6 bxa6 20. dxe4 Nc6 21. Nxc6 Qxc6 22. Qd3 Nxe4 23. Be3 Bxe3 24. Rxe3 Nc5 25. Qe2 Rg6 26. f3 Rg5 27. Ne5 Qf6 28. Rd1 h5 29. Nd7 Nxd7 30. Rxd7 Kh7 31. Ree7 Rf8 32. Qd3+ Kg8 33. Rxc7 Qf4 34. Qe4 Qg3 35. Qe2 h4 36. Rcd7 Qxh3 37. Rc7 Qf5 0-1


[Site "https://www.chess.com"]

[Event "Titled Tuesday Blitz December 14 2021"]
[White "Bivol, Alina"]
[Black "Lesbekova, Assel"]
[WhiteFideId "4100123"]
[BlackFideId "13713248"]
[WhiteElo "2167"]
[BlackElo "1796"]
[Result "1/2-1/2"]
[Round "01"]
[TimeControl "180+1"]
[Date "2021.12.15"]
[WhiteClock "0:00:07"]
[BlackClock "0:00:04"]

1. e4 c5 2. Nf3 Nc6 3. Bb5 e6 4. O-O Nge7 5. c3 a6 6. Ba4 b5 7. Bc2 Ng6 8. d4 cxd4 9. cxd4 d5 10. Nc3 dxe4 11. Nxe4 Be7 12. Be3 Nb4 13. Bb3 Bb7 14. Nc5 Bd5 15. a4 O-O 16. Nd2 e5 17. axb5 axb5 18. Rxa8 Qxa8 19. Bxd5 Nxd5 20. Nd7 Rd8 21. Nxe5 Nxe5 22. dxe5 Nxe3 23. fxe3 Bb4 24. Qf3 Bxd2 25. Qxf7+ Kh8 26. e6 Bxe3+ 27. Kh1 h6 28. e7 Rg8 29. h3 Bg5 30. Qf8 Kh7 31. Qxa8 Rxa8 32. Rf5 Ra1+ 33. Kh2 Bxe7 34. Rxb5 Bd6+ 35. g3 Rd1 36. Kg2 Rd2+ 37. Kf3 Rd3+ 38. Ke4 Rxg3 39. Rd5 Bf8 40. Rd8 Be7 41. Rd7 Bf6 42. b4 Rxh3 43. b5 Rh4+ 44. Kd5 Rb4 45. Kc6 Bd4 46. Rd6 h5 47. Kd5 h4 48. Re6 h3 49. Re4 Rxb5+ 50. Kc4 Rc5+ 51. Kxd4 Rc8 52. Rh4+ Kg6 53. Rxh3 Rd8+ 54. Ke3 Rd6 55. Kf4 Rf6+ 56. Kg4 Kf7 57. Re3 Kg6 58. Rd3 Rb6 59. Rc3 Rb4+ 60. Kg3 Kh5 61. Rc5+ g5 62. Ra5 Rb3+ 63. Kg2 Kh4 64. Ra8 Kg4 65. Ra4+ Kh5 66. Ra5 Kh4 67. Ra8 Rb2+ 68. Kf3 g4+ 69. Kf4 Rf2+ 70. Ke3 Rf3+ 71. Ke2 Kg3 72. Ra1 Kg2 73. Rd1 Rf2+ 74. Ke3 g3 75. Rd6 Rf1 76. Rh6 Kg1 77. Ke2 g2 78. Rg6 Ra1 79. Rg7 Ra2+ 80. Ke1 Ra1+ 81. Ke2 Kh2 82. Rh7+ Kg3 83. Rg7+ Kh3 84. Rh7+ Kg3 85. Rg7+ Kh2 86. Rh7+ Kg1 87. Rg7 1/2-1/2


[Site "https://www.chess.com"]

[Event "Titled Tuesday Blitz December 14 2021"]
[White "Blohberger, Felix"]
[Black "Ansh M Shah"]
[WhiteFideId "1632051"]
[BlackFideId "25033379"]
[WhiteElo "2416"]
[BlackElo "1819"]
[Result "1-0"]
[Round "01"]
[TimeControl "180+1"]
[Date "2021.12.15"]
[WhiteClock "0:00:10"]
[BlackClock "0:00:22"]

1. d4 Nf6 2. Nf3 g6 3. b3 Bg7 4. Bb2 O-O 5. e3 d5 6. Be2 b6 7. O-O Bb7 8. c4 Nbd7 9. Nc3 c5 10. Rc1 Ne4 11. Nxd5 Bxd5 12. cxd5 Rc8 13. Ne5 cxd4 14. Nc6 Qe8 15. Bxd4 Ndf6 16. f3 Nd6 17. e4 e5 18. Be3 Rc7 19. Qd2 Nd7 20. Nb4 Rxc1 21. Rxc1 f5 22. Bd3 fxe4 23. fxe4 Qf7 24. Rf1 Nf6 25. Qe2 Qd7 26. Bd2 a5 27. Nc6 Qg4 28. Qxg4 Nxg4 29. Rxf8+ Kxf8 30. h3 Nf6 31. Be3 b5 32. Bc5 Ne8 33. Bxb5 Kf7 34. Bd3 Nb7 35. Bb6 Ned6 36. Nd8+ Ke8 37. Nxb7 Nxb7 38. Kf2 Kd7 39. Ke2 Bf8 40. Ba6 Bc5 41. Bxb7 Bxb6 42. Bc6+ Kd6 43. Kd3 Kc5 44. Be8 Bc7 45. Bf7 Bd6 46. h4 Be7 47. g3 g5 48. h5 h6 49. Kc2 Bd6 50. Kd3 Kb4 51. Be6 Kc5 52. Bf5 Kb4 53. Bh3 Bc5 54. Bd7 Bd6 55. Ke2 Kc3 56. Kf3 Kd4 57. Bf5 Kd3 58. Kg4 Kd4 59. Bh7 Ke3 60. Kf5 Kf3 61. g4 Bb8 62. Bg6 Kg3 63. a3 Bd6 64. Ke6 Bxa3 65. Bf5 Kf4 66. d6 Bxd6 67. Kxd6 Ke3 68. Kc5 a4 69. bxa4 Kf3 70. a5 Kg3 71. a6 Kh4 72. a7 Kg3 73. a8=Q Kf4 74. Qa4 Kg3 75. Qb3+ Kh4 76. Qe6 Kg3 77. Qxh6 Kh4 78. Qg6 Kg3 79. Qxg5 Kf3 80. h6 Kg3 81. h7 Kg2 82. Qg7 Kg1 83. h8=Q Kf1 84. Qh2 Ke1 85. g5 Kd1 86. Qgh8 Kc1 87. g6 Kb1 88. g7 Ka1 89. g8=Q Kb1 90. Qgg1# 1-0


[Site "https://www.chess.com"]

[Event "Titled Tuesday Blitz December 14 2021"]
[White "Bonte, Andrei-Mihai"]
[Black "Goncalves, Ivan Mesquita V"]
[WhiteFideId "1210297"]
[BlackFideId "2114224"]
[WhiteElo "2204"]
[BlackElo "2299"]
[Result "1-0"]
[Round "01"]
[TimeControl "180+1"]
[Date "2021.12.15"]
[WhiteClock "0:00:13"]
[BlackClock "0:00:10"]

1. d4 Nf6 2. c4 e6 3. Nc3 Bb4 4. e3 O-O 5. Ne2 Re8 6. a3 Bf8 7. Ng3 d5 8. cxd5 exd5 9. Bd3 Bg4 10. f3 Be6 11. O-O c5 12. dxc5 Bxc5 13. b4 Bb6 14. Na4 Bc7 15. Nc5 Bc8 16. Re1 Nc6 17. Bb2 Qd6 18. Rc1 h6 19. Bb1 b6 20. Nb3 Ne5 21. Qc2 Bb8 22. Red1 Bd7 23. e4 h5 24. f4 Neg4 25. e5 Qe7 26. Nf1 Ne4 27. Rxd5 Bf5 28. Qd1 Qe6 29. Nd4 Qxd5 30. Nxf5 Qxd1 31. Rxd1 Ngf2 32. Re1 g6 33. N5g3 Nxg3 34. Nxg3 Ng4 35. Be4 Bc7 36. Bxa8 Rxa8 37. Rc1 Bd8 38. Rc6 Be7 39. Ne4 Rd8 40. Nd6 Ne3 41. Rc7 Bf8 42. Rxa7 b5 43. Kf2 Ng4+ 44. Kf3 Nxh2+ 45. Ke4 Ng4 46. Kd5 Ne3+ 47. Kc6 Bxd6 48. exd6 Nc4 49. d7 Nxb2 50. Kc7 Rxd7+ 51. Kxd7 Nc4 52. Rb7 Nxa3 53. Kc6 f6 54. Kc5 g5 55. Ra7 Nc4 56. fxg5 fxg5 57. Kxb5 Ne5 58. Kc5 Nd3+ 59. Kc4 Nf4 60. g3 Ne2 61. Ra5 g4 62. Rxh5 Kf7 63. Rg5 Kf6 64. Rxg4 Kf5 65. Rd4 Nxg3 66. Rd5+ Ke6 67. Rd3 Nf5 68. Rf3 Nd6+ 69. Kc5 Nb7+ 70. Kb6 Nd6 71. Rd3 Nc4+ 72. Kb7 Nb2 73. Rd4 Na4 74. b5 Nc5+ 75. Kc6 Nb3 76. Re4+ Kf5 77. Rc4 Na5+ 78. Kc5 Ke6 79. Ra4 Nb7+ 80. Kc6 Nd8+ 81. Kc7 Nf7 82. Ra6+ Kd5 83. b6 Ng5 84. b7 Ne6+ 85. Kc8 Nc5 86. Ra5 Kc6 87. Rxc5+ 1-0


[Site "https://www.chess.com"]

[Event "Titled Tuesday Blitz December 14 2021"]
[White "Bortnyk, Olexandr"]
[Black "Arias Gaviria, Mario Alexis"]
[WhiteFideId "14120828"]
[BlackFideId "3800660"]
[WhiteElo "2723"]
[BlackElo "2142"]
[Result "1-0"]
[Round "01"]
[TimeControl "180+1"]
[Date "2021.12.14"]
[WhiteClock "0:00:14"]
[BlackClock "0:00:02"]

1. e4 c5 2. c3 e6 3. d4 cxd4 4. cxd4 d5 5. e5 Nc6 6. Nc3 Nge7 7. Nf3 a6 8. Bd3 Qb6 9. O-O Bd7 10. Be3 Rc8 11. Na4 Qa7 12. Nc5 Ng6 13. Nxd7 Kxd7 14. Ng5 Ke8 15. Qh5 Be7 16. Nxe6 fxe6 17. Bxg6+ Kd7 18. Bxh7 g6 19. Qxg6 Nxd4 20. Rad1 Ne2+ 21. Kh1 Qb8 22. f4 Rcf8 23. Rd2 Qxe5 24. Rxe2 d4 25. fxe5 Rxf1+ 26. Bg1 Rhf8 27. g3 d3 28. Qxd3+ Kc8 29. Kg2 Kb8 30. Rf2 R1xf2+ 31. Bxf2 1-0


[Site "https://www.chess.com"]

[Event "Titled Tuesday Blitz December 14 2021"]
[White "Bressy, Theo"]
[Black "Holt, Conrad"]
[WhiteFideId "26022842"]
[BlackFideId "2034387"]
[WhiteElo "2163"]
[BlackElo "2586"]
[Result "0-1"]
[Round "01"]
[TimeControl "180+1"]
[Date "2021.12.15"]
[WhiteClock "0:00:17"]
[BlackClock "0:00:16"]

1. e4 e6 2. d4 d5 3. Nc3 Nf6 4. e5 Nfd7 5. f4 c5 6. Nf3 Nc6 7. Be3 cxd4 8. Nxd4 Bc5 9. Qd2 O-O 10. O-O-O a6 11. h4 Nxd4 12. Bxd4 b5 13. h5 b4 14. Na4 Bxd4 15. Qxd4 Qa5 16. b3 Bb7 17. Kb1 Rfc8 18. Rh3 Bc6 19. Nb2 Bb5 20. f5 Qc7 21. Qd2 exf5 22. Nd3 Bxd3 23. Bxd3 Qxe5 24. Qxb4 Nc5 25. Re1 Ne4 26. Bxe4 dxe4 27. Rd1 Rd8 28. Rhh1 e3 29. Qc4 Rxd1+ 30. Rxd1 e2 31. Re1 Re8 32. Qxa6 Qd5 33. Kc1 Qd4 34. Qd3 Qf4+ 35. Qd2 Qe5 36. Qd3 h6 37. a4 Qf4+ 38. Qd2 Qf2 39. g3 Re4 40. c3 Re6 41. Qf4 Qxe1+ 42. Kc2 Qd1+ 0-1


[Site "https://www.chess.com"]

[Event "Titled Tuesday Blitz December 14 2021"]
[White "Buchenau, Frank"]
[Black "Bacrot, Etienne"]
[WhiteFideId "4604350"]
[BlackFideId "605506"]
[WhiteElo "2193"]
[BlackElo "2673"]
[Result "0-1"]
[Round "01"]
[TimeControl "180+1"]
[Date "2021.12.15"]
[WhiteClock "0:00:09"]
[BlackClock "0:00:11"]

1. e4 e5 2. Bc4 Nf6 3. d3 c6 4. Nf3 d5 5. Bb3 Bb4+ 6. Bd2 Bxd2+ 7. Nbxd2 Nbd7 8. O-O O-O 9. Re1 Re8 10. d4 exd4 11. exd5 Rxe1+ 12. Qxe1 cxd5 13. Nxd4 Nb8 14. Qe3 Nc6 15. Re1 Bg4 16. c3 Qd7 17. Nxc6 bxc6 18. Qc5 Be6 19. Nf3 Ne4 20. Qe3 Re8 21. Ng5 Nf6 22. Nxe6 Rxe6 23. Qc1 h6 24. Bc2 c5 25. Rxe6 Qxe6 26. Qe3 Qxe3 27. fxe3 Kf8 28. h3 Ke7 29. Kf2 Kd6 30. Kf3 Ke5 31. b4 c4 32. a4 Ne8 33. g4 Nd6 34. h4 g6 35. Bb1 Nc8 36. g5 hxg5 37. hxg5 Nd6 38. Bc2 Ne8 39. e4 d4 40. cxd4+ Kxd4 41. b5 Nc7 42. Bb1 Ne6 43. Kg4 Kc5 44. e5 Kb4 45. Bc2 c3 46. Bd1 Nc5 47. Kf4 Nd3+ 48. Ke3 Nxe5 49. Kd4 Nf3+ 50. Kd5 Ne1 51. Kc6 c2 52. Bxc2 Nxc2 53. Kb7 Kxa4 54. Kxa7 Kxb5 55. Kb7 Ne1 56. Kc7 Nf3 57. Kd6 Nxg5 58. Ke5 Nh7 0-1


[Site "https://www.chess.com"]

[Event "Titled Tuesday Blitz December 14 2021"]
[White "Chigaev, Maksim"]
[Black "Kubatko, Ivan"]
[WhiteFideId "4108116"]
[BlackFideId "24111473"]
[WhiteElo "2546"]
[BlackElo "2285"]
[Result "1-0"]
[Round "01"]
[TimeControl "180+1"]
[Date "2021.12.14"]
[WhiteClock "0:00:12"]
[BlackClock "0:00:01"]

1. Nf3 d5 2. e3 c5 3. c4 e6 4. b3 Nf6 5. Bb2 Nc6 6. cxd5 exd5 7. Bb5 Bd6 8. d4 cxd4 9. Nxd4 Bd7 10. Nc3 O-O 11. O-O a6 12. Be2 Re8 13. Nf3 Bg4 14. Rc1 Bc7 15. g3 Bh3 16. Re1 Ne5 17. Nxe5 Bxe5 18. Na4 Bxb2 19. Nxb2 Ne4 20. Nd3 Qf6 21. Nf4 Be6 22. Qd4 Qxd4 23. exd4 Rac8 24. Rxc8 Rxc8 25. Bf3 Rc2 26. Bxe4 dxe4 27. Rxe4 Rxa2 28. d5 Bd7 29. Re7 Bb5 30. h4 Rb2 31. Rxb7 g6 32. h5 gxh5 33. Nxh5 h6 34. Rb6 Rxb3 35. Rxh6 Rd3 36. Rb6 Kf8 37. Nf4 Rd1+ 38. Kg2 Ke7 39. Rb7+ Kf8 40. Kf3 Bc4 41. Ke4 a5 42. Ra7 Ra1 43. Ke5 a4 44. Kf6 Rf1 45. Ra8# 1-0


[Site "https://www.chess.com"]

[Event "Titled Tuesday Blitz December 14 2021"]
[White "Demin, Vladimir"]
[Black "Kamsky, Gata"]
[WhiteFideId "4167457"]
[BlackFideId "2000024"]
[WhiteElo "2462"]
[BlackElo "2645"]
[Result "0-1"]
[Round "01"]
[TimeControl "180+1"]
[Date "2021.12.14"]
[WhiteClock "0:00:02"]
[BlackClock "0:00:10"]

1. e4 g6 2. d4 Bg7 3. Nc3 d6 4. h4 h6 5. Be3 a6 6. a4 b6 7. Qd2 Nf6 8. f3 e6 9. g4 Bb7 10. Nge2 Nc6 11. Nf4 e5 12. Nfe2 exd4 13. Nxd4 Ne5 14. Be2 Qe7 15. O-O-O c5 16. Nb3 Rd8 17. g5 hxg5 18. Bxg5 Qe6 19. f4 Nc6 20. Nd5 O-O 21. Bf3 Nd4 22. Nxd4 cxd4 23. Nxf6+ Bxf6 24. Bxf6 Qxf6 25. h5 Rd7 26. Kb1 Re8 27. Qxd4 Qxd4 28. Rxd4 Bc6 29. hxg6 fxg6 30. Rhd1 Red8 31. Bg4 Re7 32. e5 d5 33. c4 Bxa4 34. R1d2 Bb3 35. cxd5 Rh7 36. Be6+ Kg7 37. Rc2 Rh1+ 38. Rc1 Ba2+ 39. Kxa2 Rxc1 40. d6 Rc5 41. d7 g5 42. fxg5 Rxe5 43. Bb3 Rxg5 44. Rd6 Rb5 45. Bc4 Rb4 46. b3 a5 47. Ka3 Kf8 48. Rf6+ Ke7 49. Rh6 Rxd7 50. Rh5 Rd6 51. Bb5 Rf6 52. Rh7+ Kd6 53. Bc4 Kc5 54. Rh5+ Kd6 55. Rg5 Rf3 56. Rd5+ Kc6 57. Rd4 Rc3 58. Rh4 b5 59. Bf7 Rxh4 0-1


[Site "https://www.chess.com"]

[Event "Titled Tuesday Blitz December 14 2021"]
[White "Djordjevic, Vuk"]
[Black "Dobre, Claudiu-Cristian"]
[WhiteFideId "902098"]
[BlackFideId "1211854"]
[WhiteElo "2463"]
[BlackElo "2259"]
[Result "1-0"]
[Round "01"]
[TimeControl "180+1"]
[Date "2021.12.15"]
[WhiteClock "0:00:20"]
[BlackClock "0:00:04"]

1. d4 d5 2. Bf4 c6 3. e3 Qb6 4. Qc1 Bf5 5. c4 e6 6. Nc3 Nf6 7. h3 Nbd7 8. Nf3 h6 9. c5 Qd8 10. Be2 Be7 11. O-O b5 12. b4 a5 13. a4 axb4 14. axb5 Rxa1 15. Qxa1 bxc3 16. bxc6 Nxc5 17. c7 Qc8 18. Bb5+ Nfd7 19. dxc5 O-O 20. Bd6 Bxd6 21. cxd6 c2 22. Nd4 Bg6 23. Nc6 Qa8 24. Ne7+ Kh7 25. Qxa8 Rxa8 26. Bxd7 Bd3 27. Rc1 Ra6 28. c8=Q 1-0


[Site "https://www.chess.com"]

[Event "Titled Tuesday Blitz December 14 2021"]
[White "Dobrov, Vladimir"]
[Black "Klyashtorny, Vladislav"]
[WhiteFideId "4136594"]
[BlackFideId "4170938"]
[WhiteElo "2614"]
[BlackElo "2444"]
[Result "1-0"]
[Round "01"]
[TimeControl "180+1"]
[Date "2021.12.15"]
[WhiteClock "0:00:20"]
[BlackClock "0:00:03"]

1. d4 d5 2. c4 e6 3. Nc3 Nf6 4. Nf3 Nbd7 5. Bf4 a6 6. c5 Nh5 7. Bg5 Be7 8. h4 h6 9. Bc1 f5 10. b4 O-O 11. e3 Nhf6 12. a3 Ne4 13. Bb2 Nxc3 14. Bxc3 f4 15. exf4 Rxf4 16. Bd3 Rf8 17. Qe2 Nf6 18. Ne5 Bd7 19. Rh3 Bb5 20. Bxb5 axb5 21. Ng6 Qd7 22. Nxf8 Bxf8 23. Re3 Kf7 24. Bb2 h5 25. O-O-O g6 26. Re1 Bh6 27. Kc2 Bxe3 28. Qxe3 Rf8 29. f3 Re8 30. Bc1 Kg8 31. Qd3 Kf7 32. Bg5 c6 33. Bf4 Qd8 34. Bg5 Qd7 35. g4 hxg4 36. fxg4 Kg7 37. h5 Ne4 38. Bf4 gxh5 39. gxh5 Qf7 40. Be5+ Kh7 41. Rf1 Qxh5 42. Rf3 1-0


[Site "https://www.chess.com"]

[Event "Titled Tuesday Blitz December 14 2021"]
[White "Dogan, Mire Deniz"]
[Black "Martinovici, Ilia"]
[WhiteFideId "6317456"]
[BlackFideId "13907034"]
[WhiteElo "1850"]
[BlackElo "2303"]
[Result "1/2-1/2"]
[Round "01"]
[TimeControl "180+1"]
[Date "2021.12.15"]
[WhiteClock "0:00:11"]
[BlackClock "0:00:12"]

1. d4 g6 2. c4 Bg7 3. Nc3 d6 4. e4 Nd7 5. f3 e5 6. d5 Ngf6 7. Be3 O-O 8. g4 a5 9. Qd2 Nc5 10. Nge2 Bxg4 11. fxg4 Nfxe4 12. Nxe4 Nxe4 13. Qc2 Qh4+ 14. Ng3 Nxg3 15. Bf2 Qxg4 16. hxg3 f5 17. Be2 Qg5 18. Qd2 Qxd2+ 19. Kxd2 e4 20. Be3 b6 21. Kc2 Be5 22. Bf4 Rae8 23. Raf1 Rf7 24. Rh3 Kg7 25. Bh6+ Kf6 26. g4 Rg8 27. gxf5 gxf5 28. Rh5 Ke7 29. Rhxf5 Rxf5 30. Rxf5 Rg2 31. Kd1 Bxb2 32. Bg5+ Kd7 33. Be3 Kc8 34. c5 bxc5 35. Ba6+ Kb8 36. Rf8+ Ka7 37. Bb5 Bd4 38. Bd2 c4 39. Bxa5 c3 40. Be2 c2+ 41. Kxc2 Rxe2+ 42. Kb3 Rb2+ 43. Ka3 Rc2 44. Rf7 Kb7 45. Rxh7 e3 46. Re7 e2 47. Kb3 Rb2+ 48. Kc4 Rxa2 49. Kxd4 Rxa5 50. Rxe2 Ra4+ 51. Kd3 Kb6 52. Rc2 Ra5 53. Kd4 Rb5 54. Rc4 Kb7 55. Rc3 Kc8 56. Re3 Kd7 57. Kc4 Rc5+ 58. Kd4 Kc8 59. Rb3 Rc1 60. Rb4 Rd1+ 61. Ke4 Kd7 62. Rc4 Rb1 63. Kd4 Rb5 64. Ke4 Rc5 65. Rxc5 dxc5 66. Kd3 Ke7 67. Kc3 Kd7 68. Kd3 c6 69. dxc6+ Kxc6 70. Kc4 Kb6 71. Kc3 Kb5 72. Kb3 c4+ 73. Kc3 Kc5 74. Kc2 Kb4 75. Kb2 c3+ 76. Kc2 Kc4 77. Kc1 Kd3 78. Kd1 Kd4 79. Kc2 Kc4 80. Kc1 Kb4 81. Kc2 Kc4 1/2-1/2


[Site "https://www.chess.com"]

[Event "Titled Tuesday Blitz December 14 2021"]
[White "Durarbayli, Vasif"]
[Black "Vivas Zamora, Fabian Ernesto"]
[WhiteFideId "13402935"]
[BlackFideId "3902480"]
[WhiteElo "2599"]
[BlackElo "1966"]
[Result "1-0"]
[Round "01"]
[TimeControl "180+1"]
[Date "2021.12.14"]
[WhiteClock "0:00:52"]
[BlackClock "0:00:16"]

1. e4 e5 2. Nc3 Nf6 3. d4 exd4 4. Qxd4 Nc6 5. Qd3 Bb4 6. Bd2 O-O 7. O-O-O Re8 8. Nge2 Ne5 9. Qg3 Nc4 10. Bg5 c6 11. f4 Be7 12. e5 Nh5 13. Qh4 Bxg5 14. fxg5 g6 15. Qxc4 Qxg5+ 16. Kb1 Qxe5 17. Qd4 d5 18. Qxe5 Rxe5 19. Nd4 Bg4 20. Be2 Bxe2 21. Ndxe2 Rae8 22. Nd4 Nf4 23. g3 Nh3 24. Rhf1 f5 25. b4 h5 26. Kb2 a5 27. bxa5 Ra8 28. Nb3 Kf7 29. Rde1 Kf6 30. Rxe5 Kxe5 31. Na4 g5 32. Nac5 Ra7 33. Nd3+ Kf6 34. Nd4 Rxa5 35. Rxf5+ Kg6 36. Ne5+ Kg7 37. Rf7+ Kh6 38. Nf5# 1-0


[Site "https://www.chess.com"]

[Event "Titled Tuesday Blitz December 14 2021"]
[White "Eggleston, Thomas A"]
[Black "Tasev, Dejan"]
[WhiteFideId "412139"]
[BlackFideId "936618"]
[WhiteElo "2174"]
[BlackElo "2253"]
[Result "1/2-1/2"]
[Round "01"]
[TimeControl "180+1"]
[Date "2021.12.15"]
[WhiteClock "0:00:03"]
[BlackClock "0:00:13"]

1. e4 c6 2. Nc3 d5 3. Nf3 dxe4 4. Nxe4 Nf6 5. Qe2 Nxe4 6. Qxe4 Qd5 7. Qh4 Qe6+ 8. Be2 Qg4 9. Qg3 Qxg3 10. hxg3 Nd7 11. d4 Nf6 12. Bf4 Bf5 13. O-O-O h6 14. Ne5 Bh7 15. g4 Ne4 16. Be3 f6 17. Nd3 O-O-O 18. Nf4 Ng5 19. d5 Be4 20. dxc6 Bxc6 21. Rxd8+ Kxd8 22. Rd1+ Kc7 23. Ng6 Rg8 24. Bxg5 hxg5 25. Bc4 Be4 26. Bxg8 Bxg6 27. Be6 Be8 28. c3 g6 29. Kc2 Bg7 30. Rh1 f5 31. Rh7 Bf6 32. gxf5 gxf5 33. Bxf5 Bc6 34. f3 a5 35. Be4 Bd7 36. b3 Bc8 37. g4 Bd7 38. Kd3 Bb5+ 39. c4 Bd7 40. Bf5 Bc6 41. Be4 Bd7 42. Rh6 b6 43. Rg6 Be8 44. Rg8 Bd7 45. Bf5 Bc6 46. Rc8+ Kb7 47. Rf8 Kc7 48. Be4 Bd7 49. Ke3 Kd6 50. f4 Bxg4 51. fxg5 Bxg5+ 52. Kd3 Bf6 53. Rb8 Kc5 54. Ra8 Bh3 55. Bf3 Bf5+ 56. Kd2 Bg5+ 57. Kc3 Bf6+ 58. Kd2 Bb1 59. Rc8+ Kb4 60. Rb8 Bd4 61. Bd1 Bxa2 62. Kd3 Bc5 63. Bc2 a4 64. bxa4 Bxc4+ 65. Ke4 Kc3 66. Bd1 Bd3+ 67. Kd5 Kb4 68. Kc6 Be4+ 69. Kd7 Bf5+ 70. Kd8 e5 71. Ke8 Bd3 72. Rd8 e4 73. Kf7 Bc4+ 74. Kf6 e3 75. Re8 Kc3 76. Kf5 Kd2 77. Bh5 e2 78. Bxe2 Bxe2 79. Ke5 Kc3 80. Kd5 Kb4 81. Rxe2 Kxa4 82. Kc4 Ka3 83. Re1 Bf2 84. Ra1+ Kb2 85. Rf1 Bc5 86. Kb5 Kc3 87. Rf3+ Kd4 88. Rf7 Kd5 89. Rf1 Kd4 90. Rd1+ Kc3 91. Rc1+ Kd4 92. Rd1+ Ke5 93. Rc1 Kd5 94. Rd1+ Bd4 95. Kb4 Ke4 96. Kc4 Bc5 97. Kb5 Bd4 98. Kc6 Bc5 99. Kb5 Bd4 100. Re1+ Kd5 101. Rd1 Ke4 1/2-1/2


[Site "https://www.chess.com"]

[Event "Titled Tuesday Blitz December 14 2021"]
[White "Eynullayev, Atilla"]
[Black "Lazavik, Denis"]
[WhiteFideId "13413570"]
[BlackFideId "13515110"]
[WhiteElo "1982"]
[BlackElo "2436"]
[Result "0-1"]
[Round "01"]
[TimeControl "180+1"]
[Date "2021.12.14"]
[WhiteClock "0:00:02"]
[BlackClock "0:00:51"]

1. Nf3 d5 2. g3 g6 3. Bg2 Bg7 4. O-O e5 5. c4 dxc4 6. Qc2 Ne7 7. Na3 O-O 8. Nxc4 Nbc6 9. d3 Bg4 10. Be3 Nf5 11. Bc5 Re8 12. Ncd2 Nfd4 13. Nxd4 exd4 14. Nf3 Qd7 15. b4 b6 16. b5 Na5 17. Bb4 Qxb5 18. Bxa5 Qxa5 19. Qxc7 Rxe2 20. Ng5 Rf8 21. Ne4 Rxa2 22. Rac1 Be2 23. Qf4 Bxf1 24. Kxf1 Ra1 25. Rxa1 Qxa1+ 26. Ke2 Qb2+ 0-1


[Site "https://www.chess.com"]